 Dungeon Crawl Stone Soup version 0.24-a0-458-gfcb5e6d (webtiles) character file.

Game seed: 15648146056884015493

135 silenth the Cudgeler (level 5, -5/42 HPs)
             Began as a Human Berserker on June 27, 2019.
             Was a Believer of Trog.
             Killed from afar by an orc wizard (6 damage)
             ... with a magic dart
             ... on level 3 of the Dungeon.
             The game lasted 00:02:07 (1857 turns).

silenth the Cudgeler (Human Berserker)              Turns: 1857, Time: 00:02:07

Health: -5/42      AC: 10    Str: 17    XL:     5   Next: 41%
Magic:  5/5        EV:  5    Int:  7    God:    Trog [**....]
Gold:   86         SH:  0    Dex: 14    Spells: 4/4 levels left

rFire    . . .     SeeInvis .   a - +0 mace
rCold    . . .     Gourm    .   (no shield)
rNeg     . . .     Faith    .   c - +0 plate armour
rPois    .         Spirit   .   (no helmet)
rElec    .         Reflect  .   (no cloak)
rCorr    .         Harm     .   (no gloves)
MR       +++..                  (no boots)
Stlth    ..........             (no amulet)
HPRegen  1.14/turn              p - ring of protection from magic
MPRegen  0.09/turn              (no ring)

@: berserk cooldown, regenerating, slowed, very slow
A: no striking features
a: Berserk, Trog's Hand, Renounce Religion


You were on level 3 of the Dungeon.
You worshipped Trog.
Trog was pleased with you.
You were near starving.

You visited 1 branch of the dungeon, and saw 3 of its levels.

You collected 86 gold pieces.

Inventory:

Hand Weapons
 a - a +0 mace (weapon)
Missiles
 l - 8 javelins (quivered)
 n - 10 poisoned darts
 q - 2 boomerangs
 u - 5 curare-tipped darts
Armour
 b - a +0 animal skin
 c - a +0 plate armour (worn)
Jewellery
 p - a ring of protection from magic (left hand)
Scrolls
 d - 2 scrolls of fear {unknown}
 g - 2 scrolls of teleportation {unknown}
 h - a scroll of immolation {unknown}
 m - 2 scrolls of fog {unknown}
 o - a scroll of amnesia {unknown}
 x - a scroll of enchant weapon {unknown}
 y - a scroll of noise {unknown}
Potions
 f - a potion of heal wounds
 j - a potion of brilliance
 k - 2 potions of might {unknown}
 r - a potion of curing
 s - a potion of berserk rage {unknown}
 t - a potion of mutation
 v - 2 potions of agility {unknown}
Comestibles
 e - 2 rations
 z - 5 chunks of flesh


   Skills:
 + Level 4.0 Fighting
 * Level 5.0 Maces & Flails
 - Level 2.0 Armour
 - Level 2.0 Dodging


You had 4 spell levels left.
You didn't know any spells.
Your spell library was empty.

Dungeon Overview and Level Annotations

Branches:
Dungeon (3/15)

Altars:
Nemelex Xobeh
The Shining One


Message History

The orc wizard hits you with a +0 dagger.
* * * LOW HITPOINT WARNING * * *
The orc wizard hits you but does no damage.
You closely miss the orc wizard.
The orc wizard is almost dead.
The orc wizard barely misses you.
The orc wizard gestures at you while chanting.
The magic dart hits you.
* * * LOW HITPOINT WARNING * * *
The orc hits you but does no damage.
The orc wizard hits you but does no damage.
The orc wizard hits you with a +0 dagger of flaming.
* * * LOW HITPOINT WARNING * * *
The orc wizard burns you.
* * * LOW HITPOINT WARNING * * *
The orc hits you but does no damage.
The orc wizard hits you but does no damage.
The orc wizard gestures at you while chanting.
The magic dart hits you.
You die...

###...▓▓..#.#. ##...▓▓▓
.#.⚑.# #..#...▓▓..#.#.
###.####..▓▓..#..
#..........▓#...#
#....[......▓▓ ▓▓
#.........#..▓▓▓.
###.........##..▓.. .
##o@o...........÷▓.#
...#####†o############...)#
........)#### #...##
..#........# ##..#
#..).....# #### #........#
..........# ...#........#
## #........#


You could see 2 orc wizards and an orc.

Vanquished Creatures
  Natasha (twice) (D:2)
  3 adders
  An ooze (D:3)
  A dart slug (D:1)
  3 leopard geckos
  4 orcs (D:3)
  6 giant cockroaches
  A hobgoblin (D:2)
  2 jackals (D:3)
  2 bats
  4 frilled lizards
  6 goblins
  7 kobolds
  6 rats
48 creatures vanquished.

Notes
Turn   | Place    | Note
-------+----------+-------------------------------------------
     0 | D:1      | silenth the Human Berserker began the quest for the Orb.
     0 | D:1      | Reached XP level 1. HP: 18/18 MP: 1/1
   203 | D:1      | Reached XP level 2. HP: 24/24 MP: 2/2
   813 | D:2      | Reached XP level 3. HP: 29/29 MP: 3/3
   940 | D:2      | Reached ** piety under Trog
  1107 | D:2      | Reached skill level 4 in Maces & Flails
  1205 | D:2      | Noticed Natasha
  1207 | D:2      | Found a sparkling altar of Nemelex Xobeh.
  1215 | D:2      | Killed Natasha
  1215 | D:2      | Reached XP level 4. HP: 37/37 MP: 4/4
  1625 | D:2      | Noticed Natasha
  1637 | D:2      | Killed Natasha
  1637 | D:2      | Reached XP level 5. HP: 23/42 MP: 5/5
  1718 | D:3      | Found a glowing golden altar of the Shining One.
  1763 | D:3      | Reached skill level 4 in Fighting
  1825 | D:3      | Reached skill level 5 in Maces & Flails
  1857 | D:3      | HP: 3/42 [orc wizard/+0 dagger of flaming (3)]
  1857 | D:3      | HP: 1/42 [orc wizard/+0 dagger of flaming (2)]
  1857 | D:3      | Killed from afar by an orc wizard

Levels and vault maps discovered:
D:1:      minmay_arrival_four_loops, layout_basic, hangedman_decor_riveting,
          minmay_misc_feat_roman
D:2:      minmay_razor_zed, layout_basic, nemelex_xobeh_ov_fountains_minmay,
          serial_corexii_hall, corexii_hall_statues_deadend,
          chequers_hall_statues_y, corexii_hall_statues_l,
          corexii_hall_statues_s, first_ration, uniq_natasha
D:3:      layout_rooms, tso_metal_star, minmay_misc_feat_ornament

Skill      XL: |  1  2  3  4  5 |
---------------+----------------+-----
Maces & Flails | 4 5 |  5.0
Fighting       | 4 |  4.0
Armour         | |  2.0
Dodging        | |  2.0

Action                   |  1- 3 |  4- 6 || total
-------------------------+-------+-------++-------
Melee: Mace              |    74 |    76 ||   150
Invok: Berserk           |     1 |     3 ||     4
       Trog's Hand       |       |     2 ||     2
  Use: Scroll            |       |     5 ||     5
  Eat: Chunk             |     1 |     1 ||     2
       Ration            |       |     1 ||     1
Armor: Plate armour      |    53 |    73 ||   126
Dodge: Dodged            |    25 |    29 ||    54

Table legend:
 A = Non-vault XP
 B = Vault XP
 C = Vault XP percentage of total XP
 D = Non-vault monster count
 E = Vault monster count
 F = Vault count percentage of total count
                 A         B        C        D         E       F
            +---------+---------+-------+---------+---------+-------
      Total |     139 |      54 |  28.0 |      36 |      12 |  25.0
            +---------+---------+-------+---------+---------+-------
        D:1 |      20 |       0 |   0.0 |      12 |       0 |   0.0
        D:2 |      70 |      54 |  43.5 |      10 |      12 |  54.5
        D:3 |      49 |       0 |   0.0 |      14 |       0 |   0.0
            +---------+---------+-------+---------+---------+-------
